Map: Fear and Faith LE

Players

Cellsidus

  • Race: Zerg Zerg
  • League: Grandmaster
  • Spawn Location: 11:00

ratgameplay (uThermal) - Winner!

  • Race: Terran Terran
  • League: Grandmaster
  • Spawn Location: 1:00

VOD

Have the link to the VOD?

Description

Time

  • Played on: July 4, 2026, 9:59 a.m.
  • Length: 3:20
Show
View Real Time Build Order
Export as new Build Order

Cellsidus Zerg 

Build Orders: Hatch First 

Get SALT Encoding   

  8  0:00  Drone  
  9  0:10  Drone  
  10  0:17  Drone  
  11  0:22  Drone  
  12  0:29  Extractor, Drone  
  13  0:39  Overlord  
  13  0:58  Drone x2  
  15  1:15  Hatchery  
  14  1:30  Spawning Pool  
  13  1:33  Drone  
  13  1:38  Drone  
  15  1:42  Drone  
  15  1:46  Drone  
  17  2:17  Zergling x6  
  20  2:27  Zergling x2  
  21  2:51  Spine Crawler x2  
  19  2:52  Spine Crawler  
Show
View Real Time Build Order
Export as new Build Order

ratgameplay Terran - Winner!

Build Orders: Command Center First 

Get SALT Encoding   

  8  0:00  SCV  
  9  0:12  SCV  
  10  0:24  SCV  
  11  0:36  SCV  
  11  0:40  Supply Depot  
  12  0:48  SCV  
  13  1:01  SCV  
  14  1:13  SCV  
  15  1:22  Command Center  
  15  1:25  SCV  
  16  1:37  SCV  
  17  1:41  Barracks  
  17  1:50  SCV  
  18  2:06  Barracks  
  18  2:09  SCV  
  19  2:24  SCV  
  19  2:28  Marine  
  21  2:39  SCV  
  22  2:46  Marine  
  22  2:55  Marine  
Tags
 
Add a new tag
Caveats
  • Supply blocks, unpowered buildings, or Contaminate may cause inaccurate times.
  • Supply counts are checked every 10 seconds.